 Dungeon Crawl Stone Soup version 0.18-a0-1774-gce1f7b6 (webtiles) character file.

39 Oddball22 the Charmwright (level 3, -1/29 HPs)
             Began as a Demigod Skald on Apr 16, 2016.
             Slain by an adder (5 damage)
             ... on level 2 of the Dungeon.
             The game lasted 00:02:33 (1599 turns).

Oddball22 the Charmwright (Demigod Skald)           Turns: 1599, Time: 00:02:34

Health: -1/29      AC:  3    Str: 10    XL:     3   Next: 13%
Magic:  9/9        EV: 12    Int: 16    God:
Gold:   94         SH:  0    Dex: 17    Spells: 1 memorised, 5 levels left

rFire  . . .     SeeInvis .     a - +0 hand axe
rCold  . . .     Gourm    .     b - +0 leather armour
rNeg   . . .     Faith    .     (no shield)
rPois  .         Spirit   .     (no helmet)
rElec  .         Dismiss  .     (no cloak)
rCorr  .         Reflect  .     (no gloves)
SustAt +         Harm     .     (no boots)
MR     .....                    (no amulet)
Stlth  ++........               o - ring of stealth
                                j - -5 ring of strength (curse)

@: lethally poisoned (-1 -> -11), not resistant to hostile enchantments,
unstealthy
A: high mp 1, sustain attributes
a: no special abilities


You were on level 2 of the Dungeon.
You were not hungry.

You visited 1 branch of the dungeon, and saw 2 of its levels.

You collected 94 gold pieces.

Inventory:

Hand Weapons
 a - a +0 hand axe (weapon)
Missiles
 k - 19 bolts
Armour
 b - a +0 leather armour (worn)
Jewellery
 j - a cursed -5 ring of strength (left hand)
 o - a ring of stealth (right hand)
Scrolls
 h - a scroll of fog {unknown}
 i - a scroll of blinking {unknown}
 m - a scroll of enchant weapon {unknown}
 n - a scroll of remove curse {unknown}
Potions
 e - a potion of invisibility {unknown}
 g - 4 potions of curing {unknown}
 l - a potion of haste {unknown}
Books
 c - a book of Battle

   Spells                             Type                      Level
   a - Infusion                       Charms                       1
   b - Shroud of Golubria             Charms/Translocation         2
   c - Song of Slaying                Charms                       2
   d - Spectral Weapon                Hexes/Charms                 3
   e - Regeneration                   Charms/Necromancy            3
Comestibles
 d - 2 bread rations


   Skills:
 - Level 1.7 Fighting
 + Level 2.3 Axes
 - Level 0.8 Armour
 + Level 1.7 Dodging
 + Level 2.3 Spellcasting
 - Level 2.6 Charms


You had 5 spell levels left.
You knew the following spells:

 Your Spells              Type           Power        Failure   Level  Hunger
a - Infusion              Chrm           ##..         12%         1    #......


Dungeon Overview and Level Annotations

Branches:
Dungeon (2/15)


Innate Abilities, Weirdness & Mutations

You have an increased reservoir of magic (+10% MP).
Your attributes are resistant to harm.


Message History

The adder poisons you!
You barely miss the adder.
The adder is lightly wounded.
You feel sick. The adder bites you but does no damage.
The adder closely misses you.
You hit the adder but do no damage.
You feel sick. The adder bites you.
You are lethally poisoned!
The adder poisons you!
You closely miss the adder.
You feel sick. The adder barely misses you. The adder misses you.
You hit the adder.
The adder is lightly wounded.
* * * LOW HITPOINT WARNING * * *
You feel sick. The adder bites you.
* * * LOW HITPOINT WARNING * * *
You barely miss the adder.
The adder is lightly wounded.
* * * LOW HITPOINT WARNING * * *
You feel sick. The adder bites you.
You die...

########## #.....S@.# #
#.######.# .%. #.#
#.###############
....######.######................
......S..S........###.###########
...........######## #.###########
....######## #...........# ###
#######.#.#.# #........#..#


You could see an adder.

Vanquished Creatures
  An adder (D:2)
  2 giant geckos (D:1)
  2 giant cockroaches
  5 goblins (D:1)
  3 hobgoblins
  4 jackals (D:1)
  A ball python (D:1)
  2 bats (D:2)
  A giant newt (D:2)
  A kobold (D:2)
  5 rats
27 creatures vanquished.

Notes
Turn   | Place    | Note
--------------------------------------------------------------
     0 | D:1      | Oddball22 the Demigod Skald began the quest for the Orb.
     0 | D:1      | Reached XP level 1. HP: 17/17 MP: 5/5
     2 | D:1      | Noticed an octopode
     2 | D:1      | Noticed a demigod
     4 | D:1      | Noticed a dwarf
     4 | D:1      | Noticed a naga
     6 | D:1      | Noticed a tengu
     6 | D:1      | Noticed a spriggan
     8 | D:1      | Noticed a draconian
    10 | D:1      | Noticed a troll
    10 | D:1      | Noticed a gargoyle
    12 | D:1      | Noticed a felid
    14 | D:1      | Noticed a formicid
    14 | D:1      | Noticed a demonspawn
    16 | D:1      | Noticed a halfling
    16 | D:1      | Noticed a vine stalker
    18 | D:1      | Noticed a centaur
    18 | D:1      | Noticed a merfolk
    20 | D:1      | Noticed a minotaur
    20 | D:1      | Noticed a ghoul
    22 | D:1      | Noticed a human
    24 | D:1      | Noticed an elf
    26 | D:1      | Noticed an ogre
    26 | D:1      | Noticed a vampire
   349 | D:1      | Reached skill level 1 in Dodging
   366 | D:1      | Reached XP level 2. HP: 19/24 MP: 7/7
  1417 | D:2      | Reached XP level 3. HP: 22/29 MP: 9/9
  1599 | D:2      | Slain by an adder

Vault maps used:
D:1:      kb_arrival_jail, roderic_lattice_a, moated_statue, serial_park_tiny_2

Skill      XL: |  1 |
---------------+----+-----
Spellcasting   | 2 |  2.3
Axes           | 2 |  2.3
Dodging        | 1 |  1.7
Fighting       | |  1.7
Armour         | |  0.8
Charms         | |  2.6

Action                   || total
-------------------------++-------
Melee: Hand axe          ||   119
 Stab: Sleeping          ||     1
  Eat: Chunk             ||     2
Armor: Leather armour    ||    38
Dodge: Dodged            ||    83
